 Dungeon Crawl Stone Soup version 0.25-a0-265-g7af84ae0ac (webtiles) character file.

Game seed: 6058984604195222357, levelgen mode: deterministic

119 night the Firebug (level 4, -2/30 HPs)
             Began as a Demonspawn Fire Elementalist on Dec 8, 2019.
             Slain by an orc (3 damage)
             ... on level 3 of the Dungeon.
             The game lasted 00:05:55 (2717 turns).

night the Firebug (Demonspawn Fire Elementalist)    Turns: 2717, Time: 00:05:56

Health: -2/30      AC:  5    Str:  9    XL:     4   Next: 73%
Magic:  5/8        EV: 12    Int: 17    God:
Gold:   120        SH:  0    Dex: 13    Spells: 8/9 levels left

rFire    . . .     SeeInvis .   f - +1 short sword (vamp)
rCold    . . .     Gourm    .   (no shield)
rNeg     . . .     Faith    .   a - +0 robe
rPois    .         Spirit   .   (helmet restricted)
rElec    .         Reflect  .   d - +1 cloak
rCorr    .         Harm     .   n - +0 pair of gloves
MR       .....                  (no boots)
Stlth    ++........             (no amulet)
HPRegen  0.10/turn              (no ring)
MPRegen  0.11/turn              (no ring)

@: no status effects
A: antennae 2, powered by pain 1
a: no special abilities


You were on level 3 of the Dungeon.
You were not hungry.

You visited 1 branch of the dungeon, and saw 3 of its levels.

You collected 120 gold pieces.

Inventory:

Hand Weapons
 f - a +1 vampiric short sword (weapon)
 q - a +0 dagger of electrocution
Missiles
 k - 8 poisoned darts (quivered)
Armour
 a - a +0 robe (worn)
 d - a +1 cloak (worn)
 n - a +0 pair of gloves (worn)
 p - a +2 shield
Scrolls
 b - 4 scrolls of remove curse {unknown}
 e - 2 scrolls of enchant weapon {unknown}
 g - 3 scrolls of teleportation {unknown}
 i - 2 scrolls of noise {unknown}
 j - a scroll of blinking {unknown}
 m - a scroll of immolation {unknown}
Potions
 h - 2 potions of mutation {unknown}
 l - 3 potions of brilliance {unknown}
 o - a potion of degeneration {unknown}
Comestibles
 c - 9 rations


   Skills:
 - Level 1.7 Dodging
 - Level 1.7 Stealth
 + Level 3.0 Spellcasting
 + Level 2.7 Conjurations
 + Level 3.6 Fire Magic


You had 8 spell levels left.
You knew the following spells:

 Your Spells              Type           Power        Failure   Level  Hunger
a - Foxfire               Conj/Fire      ##..         4%          1    None

Your spell library contained the following spells:

 Spells                   Type           Power        Failure   Level  Hunger
 Conjure Flame            Conj/Fire      ##......     14%         3    ###....
 Inner Flame              Hex/Fire       #.......     24%         3    ###....
 Sticky Flame             Conj/Fire      ##......     43%         4    ####...
 Fireball                 Conj/Fire      ##........   78%         5    ######.


Dungeon Overview and Level Annotations

Branches:
Dungeon (3/15)

Altars:


Innate Abilities, Weirdness & Mutations

You have a pair of antennae on your head.
You sometimes gain a little power by taking damage.


Message History

The orc sings a few bars from the Orcish anthem.
The orc completely misses you.
You hit the orc priest but do no damage.
The orc priest is lightly wounded.
The orc priest hits you but does no damage.
The orc hits you.
You hit the orc priest but do no damage.
The orc priest is lightly wounded.
The orc priest calls down the wrath of Beogh upon you.
Pain shoots through your body!
* * * LOW HITPOINT WARNING * * *
An orc comes into view. It is wielding a +0 mace.
The orc misses you.
The orc shouts!
You hit the orc priest but do no damage.
The orc priest is lightly wounded.
The orc priest hits you.
* * * LOW HITPOINT WARNING * * *
The orc hits you.
You die...

####### ##.######
#.....# ......o@#
######.###.#
##o####o#
##........#.#
#.###...###.#.#.#
#....<...##.....#
#####...#####.###
##.## #.# #.# #.#
#.# #.# #+# #.#


You could see an orc priest and 2 orcs.

Vanquished Creatures
  Jessica (D:3)
  3 adders (D:2)
  2 dart slugs (D:1)
  2 leopard geckos (D:2)
  3 ball pythons (D:1)
  8 bats
  5 giant cockroaches
  13 goblins
  5 hobgoblins
  A quokka (D:2)
  3 frilled lizards (D:1)
  8 kobolds
  7 rats
61 creatures vanquished.

Vanquished Creatures (others)
  101 foxfires
101 creatures vanquished.

Grand Total: 162 creatures vanquished

Notes
Turn   | Place    | Note
-------+----------+-------------------------------------------
     0 | D:1      | night the Demonspawn Fire Elementalist began the quest for
                  | the Orb.
     0 | D:1      | Reached XP level 1. HP: 13/13 MP: 3/3
   194 | D:1      | Gained mutation: You have a pair of small antennae on your
                  | head. [demonic ancestry]
   194 | D:1      | Reached XP level 2. HP: 19/19 MP: 1/5
   773 | D:1      | Gained mutation: You have a pair of antennae on your head.
                  | [demonic ancestry]
   773 | D:1      | Reached XP level 3. HP: 10/24 MP: 2/6
  2031 | D:2      | Gained mutation: You sometimes gain a little power by
                  | taking damage. [demonic ancestry]
  2031 | D:2      | Reached XP level 4. HP: 29/30 MP: 5/8
  2279 | D:2      | Found a faded altar of an unknown god.
  2615 | D:3      | Noticed Jessica
  2619 | D:3      | Killed Jessica
  2717 | D:3      | HP: 1/30 [orc priest (5)]
  2717 | D:3      | Slain by an orc

Levels and vault maps discovered:
D:1:      dpeg_arrival_simpleton_a, layout_basic, chequers_avenue
D:2:      layout_loops_corners, chequers_ecumenical_altar_simple,
          kennysheep_generic_room_4
D:3:      layout_loops_corners, uniq_sigmund, uniq_natasha, uniq_jessica

Skill      XL: |  1  2  3  4 |
---------------+-------------+-----
Fire Magic     | 3 |  3.6
Conjurations   | 2 |  2.7
Spellcasting   | 3 |  3.0
Dodging        | |  1.7
Stealth        | |  1.7

Action                   |  1- 3 |  4- 6 || total
-------------------------+-------+-------++-------
Melee: Unarmed           |     3 |       ||     3
       Short sword       |    64 |    11 ||    75
 Cast: Foxfire           |    44 |    21 ||    65
 Stab: Sleeping          |     1 |     2 ||     3
  Eat: Chunk             |     4 |     2 ||     6
Armor: Robe              |    19 |     3 ||    22
Dodge: Dodged            |    63 |    18 ||    81

Table legend:
 A = Non-vault XP
 B = Vault XP
 C = Vault XP percentage of total XP
 D = Non-vault monster count
 E = Vault monster count
 F = Vault count percentage of total count
                 A         B        C        D         E       F
            +---------+---------+-------+---------+---------+-------
      Total |     133 |      37 |  21.8 |      60 |       1 |   1.6
            +---------+---------+-------+---------+---------+-------
        D:1 |      52 |       0 |   0.0 |      33 |       0 |   0.0
        D:2 |      75 |       0 |   0.0 |      23 |       0 |   0.0
        D:3 |       6 |      37 |  86.0 |       4 |       1 |  20.0
            +---------+---------+-------+---------+---------+-------
